 Dungeon Crawl Stone Soup version 0.22-a0-877-g5c4e1af (webtiles) character file.

13 vineage the Skirmisher (level 2, 0/24 HPs)
             Began as a Demonspawn Fighter on July 29, 2018.
             Slain by a rat (2 damage)
             ... on level 1 of the Dungeon.
             The game lasted 00:00:35 (290 turns).

vineage the Skirmisher (Demonspawn Fighter)          Turns: 290, Time: 00:00:36

Health: 0/24       AC:  6    Str: 16    XL:     2   Next: 24%
Magic:  2/2        EV:  6    Int:  9    God:
Gold:   46         SH:  8    Dex: 12    Spells: 1/1 levels left

rFire    . . .     SeeInvis .   a - +0 war axe
rCold    . . .     Gourm    .   c - +0 shield
rNeg     . . .     Faith    .   b - +0 scale mail
rPois    .         Spirit   .   (no helmet)
rElec    .         Reflect  .   (no cloak)
rCorr    .         Harm     .   (no gloves)
MR       .....                  (no boots)
Stlth    ..........             (no amulet)
HPRegen  0.08/turn              (no ring)
MPRegen  0.08/turn              (no ring)

@: no status effects
A: powered by pain 1
a: no special abilities


You were on level 1 of the Dungeon.
You were not hungry.

You visited 1 branch of the dungeon, and saw 1 of its levels.

You collected 46 gold pieces.

Inventory:

Hand Weapons
 a - a +0 war axe (weapon)
Armour
 b - a +0 scale mail (worn)
 c - a +0 shield (worn)
Jewellery
 g - a cursed ring of see invisible {unknown}
 h - a +4 ring of evasion {unknown}
 i - an uncursed ring of protection from magic {unknown}
Scrolls
 e - a scroll of identify {unknown}
Potions
 d - a potion of might
Comestibles
 f - 3 rations


   Skills:
 + Level 3.1 Fighting
 + Level 1.8 Axes
 + Level 3.0 Armour
 + Level 2.8 Shields


You had one spell level left.
You didn't know any spells.
Your spell library was empty.

Dungeon Overview and Level Annotations

Branches:
Dungeon (1/15)

Altars:


Innate Abilities, Weirdness & Mutations

You sometimes gain a little power by taking damage.


Message History

The leopard gecko is moderately wounded.
The bat hits you but does no damage.
The leopard gecko bites you but does no damage.
You miss the leopard gecko.
The leopard gecko is moderately wounded.
Your shield and scale mail prevent you from hitting the bat.
You hit the rat but do no damage. The bat hits you but does no damage. x2
The leopard gecko bites you.
* * * LOW HITPOINT WARNING * * *
The rat barely misses you. You block the bat's attack.
You miss the leopard gecko.
The leopard gecko is moderately wounded.
Your shield and scale mail prevent you from hitting the rat.
You hit the bat.
You kill the bat!
You block the leopard gecko's attack. The rat bites you but does no damage.
The leopard gecko bites you.
* * * LOW HITPOINT WARNING * * *
You block the leopard gecko's attack. The rat bites you.
You die...

.. ### #. .# ....
#. #.#
....##.#######.##
..$.....#.......#
........#.......#
........#l......#
[.......l@(.....#
.......#r?....†.#
###....#........#
######..####.###
##.#......#
#.#......#
#........#
##.......#
#.....###


You could see 2 leopard geckos and a rat.

Vanquished Creatures
  A dart slug (D:1)
  A goblin (D:1)
  3 hobgoblins (D:1)
  A kobold (D:1)
  3 bats (D:1)
  A frilled lizard (D:1)
  A rat (D:1)
11 creatures vanquished.

Notes
Turn   | Place    | Note
-------+----------+-------------------------------------------
     0 | D:1      | vineage the Demonspawn Fighter began the quest for the Orb.
     0 | D:1      | Reached XP level 1. HP: 18/18 MP: 1/1
   245 | D:1      | Gained mutation: You sometimes gain a little power by taking damage. [demonic ancestry]
   245 | D:1      | Reached XP level 2. HP: 13/24 MP: 2/2
   290 | D:1      | Slain by a rat

Vault maps used:
D:1:      dpeg_arrival_pond, minmay_box_of_dots

Skill      XL: |  1 |
---------------+----+-----
Armour         | 3 |  3.0
Fighting       | |  3.1
Axes           | |  1.8
Shields        | |  2.8

Action                   || total
-------------------------++-------
Melee: War axe           ||    34
Armor: Scale mail        ||    42
Dodge: Dodged            ||    17
Block: Shield            ||    33

Table legend:
 A = Spawn XP
 B = Non-spawn XP
 C = Spawn XP percentage of total XP
 D = Spawn monster count
 E = Non-spawn monster count
 F = Spawn count percentage of total count
 G = Total turns spent on level
                    A         B        C        D         E        F      G
               +---------+---------+-------+---------+---------+-------+---------
         Total |       0 |      19 |   0.0 |       0 |      11 |   0.0 |   290
               +---------+---------+-------+---------+---------+-------+---------
           D:1 |       0 |      19 |   0.0 |       0 |      11 |   0.0 |   290
               +---------+---------+-------+---------+---------+-------+---------
